 Dungeon Crawl Stone Soup version 0.27-a0-1185-ga233589e6f (webtiles) character file.

Game seed: 6538143587619780624

270 Chrispy the Chopper (level 6, -1/53 HPs)
             Began as a Hill Orc Fighter on May 19, 2021.
             Killed from afar by an orc wizard (6 damage)
             ... with a puff of flame
             ... on level 4 of the Dungeon.
             The game lasted 00:11:45 (3778 turns).

Chrispy the Chopper (Hill Orc Fighter)              Turns: 3778, Time: 00:11:46

Health: -1/53      AC: 10    Str: 21    XL:     6   Next: 22%
Magic:  6/6        EV:  5    Int:  8    God:
Gold:   49         SH:  0    Dex: 10    Spells: 5/5 levels left

rFire    . . .     SeeInvis .   a - +0 war axe
rCold    . . .     Faith    .   c - +0 kite shield
rNeg     . . .     Spirit   .   n - +0 chain mail
rPois    .         Reflect  .   (no helmet)
rElec    .         Harm     .   (no cloak)
rCorr    .         Rampage  .   (no gloves)
Will     .....                  l - +0 pair of boots
Stlth    ..........             (no amulet)
HPRegen  0.17/turn              (no ring)
MPRegen  0.10/turn              (no ring)

@: confused
A: no striking features
a: no special abilities


You were on level 4 of the Dungeon.
You visited 1 branch of the dungeon, and saw 4 of its levels.

You collected 49 gold pieces.

Inventory:

Hand Weapons
 a - a +0 war axe (weapon)
Missiles
 o - 22 poisoned darts (quivered)
Armour
 c - a +0 kite shield (worn)
 l - a +0 pair of boots (worn)
 n - a +0 chain mail (worn)
Jewellery
 d - a +6 ring of strength
Wands
 m - a wand of polymorph (7)
Scrolls
 b - a scroll of teleportation
 e - a scroll of enchant armour {unknown}
 f - a scroll of blinking {unknown}
 g - 3 scrolls of vulnerability
 h - a scroll of summoning
 j - a scroll of amnesia {unknown}
 k - a scroll of fog {unknown}
 q - a scroll of identify {unknown}
Potions
 i - 3 potions of curing {unknown}
 p - 2 potions of haste {unknown}
 r - a potion of ambrosia {unknown}


   Skills:
 + Level 4.5 Fighting
 + Level 5.2 Axes
 + Level 4.8 Armour
 + Level 0.3 Dodging
 + Level 4.4 Shields


You had 5 spell levels left.
You didn't know any spells.
Your spell library was empty.

Dungeon Overview and Level Annotations

Branches:
Dungeon (4/15)
 Temple: D:4-7

Altars:
Ru
Wu Jian

Annotations:
D:3 2 transporters


Message History

You miss something. Something hits you but does no damage. Something hits you.
You miss something.
You hear some strange, mumbled words.
A puff of flame appears from out of thin air!
The puff of flame hits you.
Your chain mail prevents you from hitting something.
Something hits you.
You hit something. Something hits you. Something hits you but does no damage.
You miss something. Something hits you but does no damage.
You closely miss something. Something hits you.
* * * LOW HITPOINT WARNING * * *
Something hits you but does no damage.
You miss something. Something hits you.
* * * LOW HITPOINT WARNING * * *
You closely miss something.
You hear some strange, mumbled words.
A magic dart appears from out of thin air!
The magic dart hits you.
* * * LOW HITPOINT WARNING * * *
Something hits you but does no damage.
You closely miss something. Something hits you but does no damage.
You closely miss something. Something hits you.
* * * LOW HITPOINT WARNING * * *
Something hits you.
* * * LOW HITPOINT WARNING * * *
You miss something. Something hits you but does no damage.
You closely miss something.
Something hits you but does no damage. x2
You miss something. Something hits you but does no damage.
You closely miss something.
You hear some strange, mumbled words.
You are confused.
Something hits you but does no damage.
You miss something. Something hits you but does no damage.
You completely miss something. Something hits you.
* * * LOW HITPOINT WARNING * * *
You closely miss something.
You hear some strange, mumbled words.
A puff of flame appears from out of thin air!
The puff of flame hits you.
You die...

#. ####### #. #.....# #.
####.....# #. #..+.....+
###. #.##.....# ####
....###.##..†..##)..##.#
.......(.'......@{......
####....##......#)......
####.##.##......#.......
.....#####......###.....
####.## ######.# #####
#..# #.# #<.## ..# ##..#
..# ##.# ..#


There were no monsters in sight!

Vanquished Creatures
  Jessica (D:2)
  Terence (D:2)
  Natasha (thrice) (D:2)
  An orc wizard (D:4)
  4 adders
  A worm (D:2)
  3 dart slugs
  7 orcs
  7 ball pythons
  2 bats
  5 endoplasms
  3 giant cockroaches
  5 goblins
  4 hobgoblins
  2 jackals (D:1)
  2 kobolds
  2 quokkas (D:1)
  2 frilled lizards (D:2)
  6 rats
61 creatures vanquished.

Vanquished Creatures (collateral kills)
  An iguana (D:4)
  A ball python (D:4)
2 creatures vanquished.

Grand Total: 63 creatures vanquished

Notes
Turn   | Place    | Note
-------+----------+-------------------------------------------
     0 | D:1      | Chrispy the Hill Orc Fighter began the quest for the Orb.
     0 | D:1      | Reached XP level 1. HP: 19/19 MP: 1/1
   169 | D:1      | Reached XP level 2. HP: 21/27 MP: 2/2
   892 | D:1      | Reached skill level 3 in Axes
  1140 | D:2      | Noticed Terence
  1160 | D:2      | Killed Terence
  1161 | D:2      | Reached XP level 3. HP: 22/33 MP: 3/3
  1303 | D:2      | Noticed Jessica
  1309 | D:2      | Killed Jessica
  1310 | D:2      | Reached XP level 4. HP: 40/40 MP: 4/4
  1338 | D:2      | Found a faded altar of an unknown god.
  2255 | D:2      | Reached XP level 5. HP: 46/46 MP: 5/5
  2285 | D:2      | Noticed Natasha
  2296 | D:2      | Killed Natasha
  2643 | D:2      | Noticed Natasha
  2648 | D:2      | Killed Natasha
  2649 | D:2      | Reached skill level 4 in Axes
  2796 | D:2      | Noticed Natasha
  2800 | D:2      | Killed Natasha
  3095 | D:3      | Found a transporter.
  3134 | D:3      | Found a transporter.
  3147 | D:3      | Found an ornate altar of the Wu Jian Council.
  3381 | D:3      | Noticed a sky beast
  3514 | D:3      | Found a sacrificial altar of Ru.
  3555 | D:3      | Reached XP level 6. HP: 53/53 MP: 6/6
  3760 | D:4      | Reached skill level 5 in Axes
  3778 | D:4      | Killed from afar by an orc wizard

Illustrated notes

Levels and vault maps discovered:
D:1:      roderic_dead_forest, layout_basic
D:2:      minmay_diamond_boxcup, layout_basic,
          ebering_ecumenical_altar_petrified, uniq_terence, uniq_jessica,
          uniq_natasha
D:3:      gammafunk_steamed_eel, layout_loops_ring,
          nicolae_wu_jian_wuxing_cycle, hangedman_ru_absence
D:4:      layout_basic, gammafunk_temple_overflow_wave, uniq_grinder

Skill      XL: |  1  2  3  4  5  6 |
---------------+-------------------+-----
Axes           | 3 4 5 |  5.2
Shields        | 4 |  4.4
Armour         | 4 |  4.8
Fighting       | 4 |  4.5
Dodging        | |  0.3

Action                   |  1- 3 |  4- 6 || total
-------------------------+-------+-------++-------
Melee: War axe           |    75 |   161 ||   236
       Unarmed           |     1 |       ||     1
Throw: Dart              |       |     3 ||     3
  Use: Potion            |     2 |       ||     2
       Scroll            |       |     3 ||     3
Armor: Scale mail        |    31 |       ||    31
       Chain mail        |       |    91 ||    91
Dodge: Dodged            |    24 |    28 ||    52
Block: Kite shield       |    53 |    83 ||   136

Table legend: (Time is in decaauts)
 A = Elapsed time spent in this place.
 B = Non-inter-level travel time spent in this place.
 C = Inter-level travel time spent in this place.
 D = Time resting spent in this place.
 E = Time spent auto-exploring this place.
 F = Levels seen in this place.
 G = Mean time per level.
                   A        B        C        D        E       F      G
               +--------+--------+--------+--------+--------+-----+--------+
         Total |   3911 |   3715 |    196 |    404 |   2538 |   4 |  977.8 |
       Dungeon |   3911 |   3715 |    196 |    404 |   2538 |   4 |  977.8 |
               +--------+--------+--------+--------+--------+-----+--------+

Top non-repeatable levels by time:
     D:2: 1811 daAuts
     D:1: 1161 daAuts
     D:3: 849 daAuts
     D:4: 88 daAuts
